Map: Orbital Shipyard

Players

BIGBOY

  • Race: Terran Terran
  • League: Grandmaster

State - Winner!

  • Race: Protoss Protoss
  • League: Grandmaster

VOD

Have the link to the VOD?

Description

Time

  • Played on: Dec. 28, 2015, 1:07 a.m.
  • Length: 6:53
Show
View Real Time Build Order
Export as new Build Order

BIGBOY Terran 

Build Orders: Command Center First (CC), Liberator Opening 

Get SALT Encoding   

  12  0:00  SCV  
  13  0:13  SCV  
  14  0:18  Supply Depot  
  14  0:25  SCV  
  15  0:40  SCV  
  16  0:52  SCV  
  17  1:02  Command Center  
  18  1:04  SCV  
  18  1:14  Barracks  
  18  1:16  SCV  
  19  1:25  Refinery  
  19  1:28  SCV  
  19  1:30  Refinery  
  20  1:40  SCV  
  21  1:52  SCV  
  22  2:02  Barracks Reactor  
  22  2:06  Orbital Command  
  22  2:14  Orbital Command  
  22  2:23  Factory  
  22  2:33  SCV  
  23  2:39  Marine x2  
  23  2:42  SCV  
  23  2:43  Bunker  
  26  2:45  SCV  
  27  2:54  SCV  
  27  2:57  SCV, Marine x2  
  31  3:06  SCV  
  31  3:07  Supply Depot  
  31  3:09  Starport  
  31  3:10  SCV  
  31  3:28  SCV x2, Liberator  
  31  3:29  Widow Mine  
  31  3:30  Widow Mine  
  31  3:33  Barracks Tech Lab  
  37  3:40  SCV x2  
  42  3:53  Marine  
  42  3:54  SCV x2, Stimpack  
  42  3:55  Supply Depot  
  45  4:04  Engineering Bay  
  45  4:05  Supply Depot  
  45  4:07  SCV  
  46  4:16  SCV, Marauder, Widow Mine x2  
  53  4:19  Barracks  
  53  4:22  Engineering Bay  
  53  4:23  SCV  
  54  4:29  Barracks  
  54  4:38  Marauder  
  56  4:39  SCV x2  
  56  4:41  Refinery  
  56  4:44  Medivac  
  60  4:54  SCV x2, Terran Infantry Armor Level 1  
  60  4:57  Supply Depot  
  62  5:03  Supply Depot  
  62  5:19  SCV, Missile Turret, Marauder  
  65  5:27  SCV  
  62  5:33  SCV  
  60  5:37  Missile Turret  
  60  5:39  SCV  
  60  5:40  Marauder, Marine x3  
  63  5:49  Missile Turret  
  63  5:57  Marine  
  63  5:58  Marine x2  
  66  6:08  Marauder  
  66  6:12  SCV x2  
  66  6:15  Marine x2  
  66  6:16  Marine  
  71  6:20  Barracks  
  71  6:22  Supply Depot  
  71  6:25  Barracks  
  70  6:40  Supply Depot  
  70  6:41  Supply Depot x2  
Show
View Real Time Build Order
Export as new Build Order

State Protoss - Winner!

Build Orders: 1 Gate Expand, Blink Stalkers, Dark Templar Rush 

Get SALT Encoding   

  12  0:02  Probe (Chrono Boost)  
  13  0:13  Probe (Chrono Boost)  
  14  0:18  Pylon  
  14  0:23  Probe (Chrono Boost)  
  15  0:36  Probe (Chrono Boost), Gateway  
  16  0:44  Assimilator  
  16  0:47  Probe (Chrono Boost)  
  17  0:57  Probe (Chrono Boost)  
  18  1:08  Probe (Chrono Boost)  
  19  1:18  Nexus  
  19  1:21  Probe (Chrono Boost)  
  20  1:32  Cybernetics Core  
  20  1:34  Probe (Chrono Boost)  
  21  1:41  Assimilator  
  21  1:44  Probe (Chrono Boost)  
  22  1:50  Pylon  
  22  1:56  Probe (Chrono Boost)  
  23  2:10  Mothership Core (Chrono Boost), Adept  
  27  2:19  Warp Gate  
  27  2:28  Probe (Chrono Boost)  
  28  2:32  Probe (Chrono Boost)  
  29  2:38  Robotics Facility  
  29  2:39  Probe (Chrono Boost)  
  29  2:42  Probe (Chrono Boost)  
  31  2:49  Probe (Chrono Boost)  
  32  2:53  Probe (Chrono Boost)  
  32  2:56  Twilight Council  
  33  3:00  Probe (Chrono Boost)  
  33  3:03  Probe (Chrono Boost)  
  35  3:10  Probe (Chrono Boost)  
  36  3:14  Probe (Chrono Boost)  
  37  3:21  Probe (Chrono Boost)  
  37  3:24  Nexus  
  37  3:25  Probe (Chrono Boost)  
  39  3:28  Warp Prism  
  39  3:34  Probe (Chrono Boost)  
  42  3:40  Gateway  
  42  3:44  Probe  
  42  3:45  Probe  
  42  3:52  Dark Shrine  
  42  3:56  Probe  
  42  3:57  Blink (Chrono Boost)  
  42  3:58  Probe  
  44  4:05  Gateway  
  44  4:08  Gateway  
  44  4:12  Pylon  
  44  4:15  Pylon  
  44  4:19  Probe  
  44  4:20  Probe  
  46  4:26  Assimilator  
  46  4:27  Assimilator  
  46  4:28  Warp Prism  
  46  4:32  Probe x2  
  46  4:37  Probe  
  50  4:41  Adept  
  50  4:43  Adept  
  50  4:44  Probe  
  52  4:46  Probe  
  52  4:48  Probe  
  54  4:56  Probe  
  54  4:58  Probe  
  54  4:59  Probe  
  56  5:00  Forge  
  56  5:05  Dark Templar x3  
  56  5:06  Observer  
  63  5:08  Probe  
  63  5:09  Probe  
  63  5:10  Probe  
  67  5:20  Probe x2  
  64  5:22  Probe  
  66  5:30  Probe  
  66  5:32  Probe  
  66  5:34  Probe  
  69  5:41  Probe  
  70  5:43  Immortal  
  70  5:45  Probe  
  70  5:46  Probe  
  76  5:51  Probe  
  76  5:57  Probe  
  76  5:58  Probe  
  76  6:01  Assimilator  
  76  6:02  Gateway  
  77  6:04  Pylon  
  77  6:05  Pylon  
  77  6:06  Pylon, Assimilator  
  77  6:20  Probe  
  77  6:22  Probe x2  
  84  6:27  Gateway  
  84  6:28  Gateway  
  84  6:30  Gateway  
  84  6:31  Probe  
  85  6:34  Probe x2, Gateway x2  
  85  6:38  Adept x4, Pylon  
  85  6:39  Pylon  
  95  6:40  Pylon  
  95  6:44  Pylon  
  98  6:48  Pylon  
  98  6:50  Pylon  
  96  6:52  Pylon  
Tags
 
Add a new tag
Caveats
  • Supply blocks, unpowered buildings, or Contaminate may cause inaccurate times.
  • Supply counts are checked every 10 seconds.